Map: [ESL] Moondance

Players

Classic

  • Race: Protoss Protoss
  • Spawn Location: 12:00

llllllllllll (herO) - Winner!

  • Race: Protoss Protoss
  • League: Master
  • Spawn Location: 6:00

VOD

Have the link to the VOD?

Description

Time

  • Played on: Oct. 22, 2022, 8:53 a.m.
  • Length: 11:46
Show
View Real Time Build Order
Export as new Build Order

Classic Protoss 

Build Orders:  

Get SALT Encoding   

  12  0:00  Probe  
  13  0:12  Probe  
  14  0:17  Pylon  
  14  0:24  Probe  
  15  0:35  Forge  
  15  0:37  Probe (Chrono Boost)  
  16  0:57  Pylon  
  16  1:04  Probe  
  16  1:08  Pylon  
  16  1:10  Pylon  
  17  1:15  Photon Cannon  
  17  1:32  Probe  
  17  1:45  Probe (Chrono Boost)  
  18  1:49  Gateway  
  18  1:54  Probe (Chrono Boost), Assimilator  
  19  1:57  Pylon  
  19  1:59  Probe (Chrono Boost)  
  20  2:05  Pylon  
  20  2:08  Pylon  
  20  2:09  Pylon  
  20  2:17  Pylon  
  20  2:24  Photon Cannon  
  20  2:28  Photon Cannon  
  20  2:32  Pylon  
  20  2:43  Cybernetics Core  
  20  2:51  Photon Cannon  
  20  2:56  Photon Cannon  
  20  3:06  Photon Cannon  
  20  3:16  Photon Cannon  
  20  3:27  Photon Cannon  
  20  3:36  Photon Cannon  
  20  3:45  Photon Cannon  
  20  3:55  Photon Cannon  
  20  4:08  Cybernetics Core  
  20  4:09  Probe  
  21  4:18  Photon Cannon  
  21  4:21  Probe (Chrono Boost)  
  22  4:29  Assimilator  
  23  4:33  Probe (Chrono Boost)  
  23  4:38  Probe (Chrono Boost)  
  23  4:42  Pylon  
  24  4:48  Shield Battery  
  24  4:52  Shield Battery  
  24  4:55  Shield Battery  
  24  5:04  Robotics Facility  
  24  5:08  Warp Gate  
  24  5:12  Sentry  
  26  5:20  Pylon  
  27  5:25  Gateway  
  25  5:38  Stalker  
  27  5:46  Shield Battery  
  27  5:48  Immortal (Chrono Boost)  
  31  6:00  Pylon  
  31  6:07  Phoenix  
  31  6:18  Sentry x2  
  35  6:19  Immortal (Chrono Boost)  
  39  6:28  Pylon  
  39  6:48  Warp Prism (Chrono Boost)  
  41  6:59  Sentry x2  
  45  7:06  Pylon  
  45  7:24  Probe  
  46  7:36  Probe  
  47  7:44  Nexus  
  47  7:48  Robotics Bay  
  47  7:49  Observer, Probe  
  49  8:01  Probe  
  49  8:03  Pylon  
  50  8:15  Probe  
  51  8:27  Stalker x2  
  51  8:30  Pylon  
  55  8:35  Pylon  
  55  8:48  Probe  
  50  8:49  Disruptor (Chrono Boost)  
  53  8:57  Stalker  
  53  8:58  Stalker  
  53  9:00  Probe  
  58  9:06  Pylon  
  58  9:12  Probe x2  
  60  9:18  Disruptor (Chrono Boost)  
  59  9:27  Stalker  
  58  9:33  Stalker  
  50  9:50  Warp Prism (Chrono Boost)  
  52  10:00  Stalker  
  52  10:01  Stalker  
  52  10:03  Assimilator  
  56  10:08  Probe  
  56  10:09  Probe  
  56  10:12  Assimilator  
  58  10:25  Probe x2  
  60  10:29  Disruptor (Chrono Boost)  
  61  10:37  Probe x2  
  64  11:01  Colossus (Chrono Boost)  
  62  11:19  Nexus  
  62  11:20  Stalker  
  62  11:21  Stalker  
  66  11:31  Gateway  
Show
View Real Time Build Order
Export as new Build Order

llllllllllll Protoss - Winner!

Build Orders:  

Get SALT Encoding   

  12  0:00  Probe  
  13  0:12  Probe  
  14  0:16  Pylon  
  14  0:24  Probe (Chrono Boost)  
  16  0:36  Gateway, Probe (Chrono Boost)  
  16  0:42  Probe (Chrono Boost)  
  16  0:45  Assimilator  
  17  0:50  Probe  
  17  0:56  Assimilator  
  18  1:02  Probe (Chrono Boost)  
  19  1:13  Probe (Chrono Boost)  
  20  1:19  Probe  
  20  1:23  Zealot  
  23  1:46  Probe, Pylon  
  22  2:10  Cybernetics Core  
  22  2:17  Gateway  
  22  2:21  Probe  
  23  2:33  Probe  
  23  2:36  Gateway  
  24  2:47  Warp Gate  
  24  2:48  Shield Battery  
  24  3:01  Stalker (Chrono Boost)  
  26  3:07  Shield Battery  
  26  3:11  Pylon  
  26  3:23  Stalker  
  26  3:24  Stalker  
  27  3:41  Pylon  
  27  3:49  Probe  
  27  3:53  Stalker  
  27  4:01  Probe  
  28  4:04  Stalker  
  28  4:13  Probe  
  32  4:34  Cybernetics Core  
  32  4:36  Probe  
  32  4:43  Zealot  
  34  4:51  Probe  
  31  5:03  Zealot, Probe  
  31  5:05  Assimilator  
  34  5:14  Robotics Facility  
  34  5:15  Probe  
  35  5:22  Gateway  
  35  5:25  Gateway  
  35  5:33  Sentry  
  37  5:43  Phoenix  
  37  5:47  Probe  
  38  5:55  Nexus  
  38  5:57  Pylon  
  38  6:02  Observer  
  39  6:13  Pylon  
  39  6:15  Probe  
  39  6:16  Sentry  
  42  6:26  Immortal (Chrono Boost)  
  42  6:31  Probe  
  47  6:42  Sentry  
  47  6:43  Probe  
  47  6:45  Pylon  
  50  6:56  Observer  
  50  6:58  Observer  
  50  6:59  Warp Prism (Chrono Boost)  
  53  7:08  Shield Battery  
  53  7:09  Sentry  
  53  7:11  Sentry  
  56  7:26  Immortal (Chrono Boost)  
  60  7:32  Stalker  
  62  7:40  Stalker  
  62  7:42  Stalker  
  66  7:49  Probe x2  
  66  8:01  Observer, Probe x2  
  69  8:13  Probe (Chrono Boost)  
  69  8:14  Probe (Chrono Boost)  
  69  8:21  Twilight Council  
  69  8:23  Forge  
  69  8:24  Assimilator  
  69  8:25  Probe (Chrono Boost)  
  69  8:26  Probe (Chrono Boost)  
  71  8:30  Probe (Chrono Boost)  
  71  8:31  Probe (Chrono Boost)  
  72  8:49  Stalker x3  
  72  8:51  Probe (Chrono Boost)  
  72  8:52  Probe (Chrono Boost)  
  78  9:03  Probe (Chrono Boost), Blink (Chrono Boost)  
  78  9:12  Pylon  
  78  9:15  Assimilator  
  78  9:17  Phoenix, Probe  
  78  9:18  Probe  
  75  9:32  Stalker x3  
  75  9:34  Probe x2  
  83  9:43  Protoss Ground Weapons Level 1 (Chrono Boost)  
  83  9:49  Gateway  
  83  9:55  Probe  
  84  10:08  Stalker  
  84  10:09  Pylon  
  84  10:12  Gateway, Pylon  
  84  10:14  Shield Battery  
  86  10:17  Observer  
  86  10:27  Probe  
  87  10:31  Observer  
  88  10:45  Stalker x2  
  91  10:59  Probe  
  91  11:00  Probe  
  78  11:07  Stalker  
  78  11:08  Stalker x4  
  86  11:36  Stalker x5  
Tags
 
Add a new tag
Caveats
  • Supply blocks, unpowered buildings, or Contaminate may cause inaccurate times.
  • Supply counts are checked every 10 seconds.